 Dungeon Crawl Stone Soup version 0.15-a0-1995-g7e6aeab (webtiles) character file.

95 Charly the Insei (level 4, 0/21 HPs)
             Began as a Vine Stalker Transmuter on July 11, 2014.
             Was an Initiate of Kikubaaqudgha.
             Succumbed to a scorpion's poison
             ... on Level 5 of the Dungeon.
             The game lasted 00:11:14 (793 turns).

Charly the Insei (Vine Stalker Transmuter)           Turns: 793, Time: 00:11:14

HP   0/21        AC  2     Str 13      XL: 4   Next: 66%
MP   1/8         EV 12     Int 13      God: Kikubaaqudgha [......]
Gold 72          SH  0     Dex 15      Spells:  2 memorised,  4 levels left

rFire  . . .     SeeInvis .       - Unarmed
rCold  . . .     Clarity  .     c - +0 robe
rNeg   . . .     rCorr    .     (no shield)
rPois  .         rRot     +     (no helmet)
rElec  .         Spirit   +     (no cloak)
SustAb .         Warding  .     (no gloves)
rMut   .         Stasis   .     (no boots)
Gourm  .                        (no amulet)
MR     .....                    (no ring)
                                (no ring)

@: lethally poisoned, not resistant to hostile enchantments, very unstealthy
A: fangs 2, regeneration 1, magic shield, antimagic bite, no device heal 3, rot
immunity
a: Renounce Religion


You were on level 5 of the Dungeon.
You worshipped Kikubaaqudgha.
Kikubaaqudgha was noncommittal.
You were hungry.

You visited 2 branches of the dungeon, and saw 6 of its levels.

You collected 72 gold pieces.

Inventory:

Missiles
 b - 18 arrows
Armour
 c - a +0 robe (worn)
Comestibles
 a - 3 bread rations
 g - 2 meat rations
 j - a slice of pizza
Scrolls
 i - a scroll of identify {unknown}
Potions
 e - a potion of haste {unknown}
 f - a potion of brilliance {unknown}
 h - a potion of might {unknown}
 k - a potion of cure mutation {unknown}
Books
 d - a book of Changes

   Spells                             Type                      Level
   *Beastly Appendage                 Transmutation                1
   *Sticks to Snakes                  Transmutation                2
   Spider Form                        Transmutation/Poison         3
   Ice Form                           Ice/Transmutation            4
   Blade Hands                        Transmutation                5


   Skills:
 - Level 0.8 Fighting
 - Level 1.5 Dodging
 + Level 4.4 Unarmed Combat
 - Level 2.1 Spellcasting
 * Level 3.4 Transmutations


You had 4 spell levels left.
You knew the following spells:

 Your Spells              Type           Power        Failure   Level  Hunger
b - Beastly Appendage     Trmt           ##....       10%         1    ##.....
s - Sticks to Snakes      Trmt           ##........   12%         2    ###....


Dungeon Overview and Level Annotations

Branches:
Dungeon (5/15)             Temple (1/1) D:5

Altars:
Ashenzari
Cheibriados
Dithmenos
Elyvilon
Fedhas
Gozag
Kikubaaqudgha
Makhleb
Nemelex Xobeh
Okawaru
Qazlal
Sif Muna
Trog
Vehumet
Zin

Annotations:
D:5 Eustachio


Innate Abilities, Weirdness & Mutations

You have extremely sharp teeth.
Your natural rate of healing is unusually fast.
When hurt, damage is shared between your health and your magic reserves.
Your bite disrupts and absorbs the magic of your enemies.
Potions and wands cannot restore your health.
You are immune to rotting.


Message History

The scorpion is almost dead.
You feel sick. The scorpion stings you.
* * * LOW HITPOINT WARNING * * *
You are more poisoned.
The scorpion poisons you!
You closely miss the scorpion. You bite the scorpion. You drain its power.
You feel invigorated.
The scorpion is almost dead.
* * * LOW HITPOINT WARNING * * *
You feel sick. The scorpion stings you.
* * * LOW HITPOINT WARNING * * *
You hit the scorpion but do no damage.
The scorpion is almost dead.
* * * LOW HITPOINT WARNING * * *
You feel sick.
You hit the scorpion.
You kill the scorpion!
Kikubaaqudgha accepts your kill.
You die...
Kikubaaqudgha rasps: "You have failed me!
Welcome... death!"

♣♣##.##.# ♣♣.#...#.#
# ♣♣P....$..#.####.
♣.PP......#....(...
♣.♣.P#..#...........§
♣♣♣##.##.###.....§.≈
.. #s##.#
#..≈§§≈§§§≈..b #.##%#
#..§≈§≈≈≈§≈... #.##@#
#.≈≈§§.§§≈....
#.##.###.≈≈≈§.>≈≈..≈.
#.....[..§≈≈§≈≈≈≈....
#######..§.§§§≈≈§§≈..
#..≈..§.≈≈§≈...
#..............
##.............
###########... ####


There were no monsters in sight!

Vanquished Creatures
  A scorpion (D:5)
  An adder (D:2)
  2 giant geckos
  4 orcs (D:3)
  A giant cockroach (D:2)
  4 hobgoblins
  4 jackals (D:2)
  4 bats
  3 giant newts
  A kobold (D:4)
  2 rats
27 creatures vanquished.

Vanquished Creatures (collateral kills)
  A scorpion (D:4)
  A rat (D:5)
2 creatures vanquished.

Grand Total: 29 creatures vanquished

Notes
Turn   | Place    | Note
--------------------------------------------------------------
     0 | D:1      | Charly, the Vine Stalker Transmuter, began the quest for the Orb.
     0 | D:1      | Reached XP level 1. HP: 9/9 MP: 3/3
   106 | D:2      | Reached XP level 2. HP: 12/14 MP: 5/5
   133 | D:2      | Learned a level 2 spell: Sticks to Snakes
   249 | D:2      | Reached XP level 3. HP: 8/17 MP: 2/7
   318 | D:3      | Found a shattered altar of Ashenzari.
   319 | D:3      | Found an ancient bone altar of Kikubaaqudgha.
   323 | D:3      | Found an opulent altar of Gozag.
   362 | D:3      | Found a white marble altar of Elyvilon.
   362 | D:3      | Found a stormy altar of Qazlal.
   364 | D:3      | Found an iron altar of Okawaru.
   364 | D:3      | Found a deep blue altar of Sif Muna.
   369 | D:3      | Became a worshipper of Kikubaaqudgha
   390 | D:4      | Noticed a scorpion
   406 | D:4      | Killed a scorpion
   406 | D:4      | Reached skill level 4 in Unarmed Combat
   406 | D:4      | Reached XP level 4. HP: 21/21 MP: 2/8
   434 | D:5      | Entered Level 5 of the Dungeon
   467 | D:5      | Found a staircase to the Ecumenical Temple.
   487 | D:5      | Noticed Eustachio
   522 | Temple   | Entered the Ecumenical Temple
   692 | D:5      | Found a stormy altar of Qazlal.
   792 | D:5      | HP: 1/21 [poisoned by a scorpion]
   793 | D:5      | Succumbed to a scorpion's poison

Action                   |  1- 3 |  4- 6 || total
-------------------------+-------+-------++-------
Melee: Unarmed           |    74 |    11 ||    85
 Cast: Sticks to Snakes  |     4 |    14 ||    18
  Use: Scroll            |     2 |       ||     2
